 Dungeon Crawl Stone Soup version 0.16.1-30-g34a7ffa (webtiles) character file.

432 theElss the Magician (level 6, -1/35 HPs)
             Began as a Deep Elf Wizard on June 25, 2015.
             Slain by a wight
             ... wielding a cursed +0 morningstar
              (4 damage)
             ... on level 6 of the Dungeon.
             The game lasted 00:14:11 (4675 turns).

theElss the Magician (Deep Elf Wizard)              Turns: 4675, Time: 00:14:11

Health: -1/35      AC:  4    Str:  4    XL:     6   Next: 67%
Magic:  23/23      EV: 11    Int: 25    God:
Gold:   134        SH:  0    Dex: 13    Spells: 5 memorised, 10 levels left

rFire  . . .     SeeInvis .     (no weapon)
rCold  . . .     Clarity  .     e - +0 leather armour
rNeg   . . .     SustAb   .     (no shield)
rPois  .         Gourm    .     b - +0 hat
rElec  .         Spirit   .     u - +0 cloak
rCorr  .         Warding  .     (no gloves)
rMut   .         Stasis   .     (no boots)
MR     .....                    (no amulet)
Stlth  ++........               (no ring)
                                (no ring)

@: repel missiles, drained, not resistant to hostile enchantments, unstealthy
A: no striking features
a: no special abilities


You were on level 6 of the Dungeon.
You were very hungry.

You visited 1 branch of the dungeon, and saw 7 of its levels.

You collected 134 gold pieces.

Inventory:

Armour
 a - a +0 robe
 b - a +0 hat (worn)
 e - a +0 leather armour (worn)
 u - a +0 cloak (worn)
Magical devices
 t - a wand of random effects (28)
 w - a wand of polymorph (10)
 z - a wand of cold (8)
 A - a wand of frost (32)
Scrolls
 f - 8 scrolls of identify {unknown}
 l - a scroll of random uselessness {unknown}
 m - a scroll of magic mapping {unknown}
 o - a scroll of noise {unknown}
 r - a scroll of remove curse {unknown}
 s - a scroll of fear {unknown}
 v - a scroll of teleportation {unknown}
 x - a scroll of amnesia {unknown}
 y - a scroll of blinking {unknown}
Potions
 g - 3 potions of brilliance {unknown}
 j - 2 potions of agility {unknown}
 k - a potion of restore abilities {unknown}
 n - a potion of flight {unknown}
 q - a potion of curing {unknown}
Books
 c - a book of Minor Magic

   Spells                             Type                      Level
   a - Magic Dart                     Conjuration                  1
   b - Blink                          Translocation                2
   c - Call Imp                       Summoning                    2
   d - Repel Missiles                 Charms/Air                   2
   e - Slow                           Hexes                        2
   f - Conjure Flame                  Conjuration/Fire             3
   g - Mephitic Cloud                 Conjuration/Poison/Air       3
Comestibles
 d - 2 bread rations
 h - 3 meat rations
 i - 4 fruits
 p - a beef jerky


   Skills:
 * Level 1.7(1.3) Fighting
 + Level 1.8(1.3) Armour
 + Level 2.8(2.3) Dodging
 - Level 2.4(1.9) Stealth
 * Level 7.7(7.1) Spellcasting
 * Level 3.5(3.0) Conjurations
 + Level 1.1(0.6) Summonings
 + Level 1.1(0.6) Translocations


You had 10 spell levels left.
You knew the following spells:

 Your Spells              Type           Power        Failure   Level  Hunger
a - Magic Dart            Conj           ###.         3%          1    None
b - Repel Missiles        Chrm/Air       #.....       21%         2    None
c - Mephitic Cloud        Conj/Pois/Air  ##......     24%         3    None
d - Call Imp              Summ           ##......     17%         2    None
e - Blink                 Tloc           N/A          17%         2    None


Dungeon Overview and Level Annotations

Branches:
Dungeon (7/15)
 Temple: D:4-7

Altars:
Dithmenos
Kikubaaqudgha
Nemelex Xobeh
Xom
Yredelemnul

Annotations:
D:4 SaintRoka's ghost, average NaAM


Message History

Aiming: Magic Dart
Press: ? - help, Shift-Dir - straight line, f - giant gecko
Aim: a giant gecko (clinging, resting)
The magic dart hits the giant gecko.
You kill the giant gecko!
Things that are here:
a long sword; a robe You start resting.
Magic restored.
There is a stone staircase leading up here.
You climb upwards.
The wight hits you from afar with an enchanted halberd!
The wight hits you with a morningstar!
There is a stone staircase leading down, spattered with blood here.
The wight hits you from afar with an enchanted halberd!
* * * LOW HITPOINT WARNING * * *
You feel drained.
* * * LOW HITPOINT WARNING * * *
The wight hits you with a morningstar.
You die...

#######.#.......#...z...##
#.......#.##.##.#..##.....
#.#######.##.......z..#.##
##.# #.##.##.##.##.#.#
#..# ###.##.##.##.##.#.#
#.## #.........##...)..##
#.# #.......####...>...#
#.# #........###....##..
#.# #..@zz...##.........
#.# #........##..#####..
#.####
#.......###..#####.#
#....# #.......#
#........#
####.###########
#.######## #...........#
#.# #..##.##.##.# #.#
#........##.# #.#
#..##....##.# #.#


You could see 2 wights.

Vanquished Creatures
  3 wights
  2 hounds (D:6)
  An iguana (D:4)
  2 worker ants
  A shadow imp (D:5)
  9 adders
  A worm (D:4)
  A giant mite (D:2)
  A giant gecko (D:7)
  9 orcs
  A ball python (D:1)
  4 bats
  5 giant cockroaches
  8 goblins
  8 hobgoblins
  7 giant newts
  2 kobolds
  2 quokkas
  4 rats
  2 butterflies (D:3)
73 creatures vanquished.

Vanquished Creatures (others)
  A white imp (D:6)
1 creature vanquished.

Grand Total: 74 creatures vanquished

Notes
Turn   | Place    | Note
--------------------------------------------------------------
     0 | D:1      | theElss, the Deep Elf Wizard, began the quest for the Orb.
     0 | D:1      | Reached XP level 1. HP: 10/10 MP: 6/6
   965 | D:2      | Reached XP level 2. HP: 15/15 MP: 8/10
  1027 | D:2      | Reached skill level 5 in Spellcasting
  1084 | D:2      | Found a sparkling altar of Nemelex Xobeh.
  1091 | D:2      | Reached XP level 3. HP: 20/20 MP: 7/14
  1162 | D:2      | Learned a level 2 spell: Repel Missiles
  1166 | D:2      | Learned a level 3 spell: Mephitic Cloud
  1721 | D:2      | Reached skill level 6 in Spellcasting
  1721 | D:2      | Reached XP level 4. HP: 24/24 MP: 13/18
  1850 | D:3      | Found a basalt altar of Yredelemnul.
  1855 | D:3      | Found a shadowy altar of Dithmenos.
  2108 | D:3      | Found a shimmering altar of Xom.
  2780 | D:3      | Learned a level 2 spell: Call Imp
  2783 | D:3      | Learned a level 2 spell: Blink
  2990 | D:4      | Reached skill level 1 in Fighting
  2990 | D:4      | Reached skill level 1 in Armour
  2990 | D:4      | Reached XP level 5. HP: 9/29 MP: 12/21
  3257 | D:4      | Noticed SaintRoka's ghost (average NaAM)
  3349 | D:5      | Entered Level 5 of the Dungeon
  3698 | D:5      | Found an ancient bone altar of Kikubaaqudgha.
  3872 | D:6      | Reached skill level 7 in Spellcasting
  4034 | D:6      | Reached XP level 6. HP: 15/34 MP: 13/23
  4675 | D:6      | Slain by a wight

Action                   |  1- 3 |  4- 6 || total
-------------------------+-------+-------++-------
Melee: Unarmed           |       |     8 ||     8
 Cast: Magic Dart        |    55 |   163 ||   218
       Blink             |       |     1 ||     1
       Repel Missiles    |       |     1 ||     1
       Call Imp          |       |     2 ||     2
  Eat: Chunk             |     2 |     8 ||    10
